 Dungeon Crawl Stone Soup version 0.30.1-1-g62c8e00024 (webtiles) character file.

Game seed: 585538009284881586

77 safid the Chiller (level 4, -1/33 HPs)
             Began as a Merfolk Ice Elementalist on July 17, 2023.
             Slain by a phantom (6 damage)
             ... on level 4 of the Dungeon.
             The game lasted 00:04:39 (2850 turns).

safid the Chiller (Merfolk Ice Elementalist)        Turns: 2850, Time: 00:04:41

Health: -1/33      AC:  2    Str:  7 (8)  XL:     4   Next: 34%
Magic:  8/17       EV: 12    Int: 20 (22) God:
Gold:   175        SH:  0    Dex: 12 (14) Spells: 1/8 levels left

rFire   . . .        q - +2 dagger (drain)
rCold   . . .        (no shield)
rNeg    . . .        a - +0 robe
rPois   .            (no helmet)
rElec   .            (no cloak)
rCorr   .            (no gloves)
SInv    .            (no boots)
Will    .....        (no amulet)
Stlth   ++           i - +6 ring of intelligence
HPRegen 0.25/turn    n - ring of magical power
MPRegen 0.15/turn

%: no passive effects
@: very slightly contaminated
A: (nimble swimmer 2), mertail
a: no special abilities


You were on level 4 of the Dungeon.
You visited 1 branch of the dungeon, and saw 4 of its levels.

You collected 175 gold pieces.

Inventory:

Hand Weapons
 q - a +2 dagger of draining (weapon)
Armour
 a - a +0 robe (worn)
Jewellery
 i - a +6 ring of intelligence (left hand)
 n - a ring of magical power (right hand)
Scrolls
 c - a scroll of enchant armour {unknown}
 d - 2 scrolls of immolation {unknown}
 f - a scroll of enchant weapon {unknown}
 g - 2 scrolls of amnesia {unknown}
 k - 3 scrolls of identify {unknown}
 m - a scroll of poison {unknown}
 p - a scroll of vulnerability {unknown}
 r - a scroll of fog {unknown}
Potions
 b - a potion of magic
 e - a potion of curing
 h - a potion of invisibility {unknown}
 j - a potion of attraction {unknown}
 l - 2 potions of degeneration
 o - a potion of flight {unknown}


   Skills:
 + Level 2.2 Fighting
 - Level 2.6 Dodging
 - Level 2.1 Stealth
 + Level 2.8 Spellcasting
 + Level 5.1 Ice Magic


You had one spell level left.
You knew the following spells:

 Your Spells              Type           Power      Damage    Failure   Level
a - Freeze                Ice            92%        1d9       1%          1
b - Frozen Ramparts       Ice            46%        1d7       5%          3
c - Ozocubu's Armour      Ice            23%        N/A       5%          3

Your spell library contained the following spells:

 Spells                   Type           Power      Damage    Failure   Level
 Summon Ice Beast         Ice/Summ       13%        N/A       45%         4


Dungeon Overview and Level Annotations

Branches:
Dungeon (4/15)
 Temple: D:4-7

Altars:
Fedhas
Qazlal


Innate Abilities, Weirdness & Mutations

((You are very nimble when in or above water. (Stealth+, EV+, Speed+++)))
Your lower body shifts to a powerful aquatic tail in water.


Message History

You hit the phantom.
The phantom is moderately damaged.
The phantom misses you.
You hit the phantom.
The phantom is heavily damaged.
The phantom closely misses you.
You hit the phantom.
The phantom is heavily damaged.
The phantom hits you.
* * * LOW HITPOINT WARNING * * *
You feel better. The phantom hits you.
You barely miss the phantom.
The phantom is heavily damaged.
The phantom barely misses you.
You hit the phantom.
The phantom is severely damaged.
The phantom hits you.
The phantom blinks!
You blink.
You hit the phantom.
The phantom is severely damaged.
The phantom hits you.
* * * LOW HITPOINT WARNING * * *
The phantom blinks!
You blink.
You hit the phantom.
The phantom is severely damaged.
The phantom hits you.
* * * LOW HITPOINT WARNING * * *
You barely miss the phantom.
The phantom is severely damaged.
The phantom hits you.
* * * LOW HITPOINT WARNING * * *
The phantom blinks!
You blink.
Casting: Ozocubu's Armour (dangerous; 5% risk of failure)
Confirm with . or Enter, or press ? or * to list all spells.
Aiming: Freeze (safe; 1% risk of failure)
Press: ? - help, Shift-Dir - straight line, f/p - phantom
Aim: a phantom (severely damaged)
You miscast Freeze.
You are very lightly contaminated with residual magic.
Nothing appears to happen.
The phantom hits you.
You die...

###........ .. .
##....#... .. ..
##....### . ...
###....##.# .#..
#.....###'###....
#....#.......#
##....###.....##
##....##.##...##
#....###§###@###+###.
#........§.W.........
#........§###########
###########


You could see a phantom.

Vanquished Creatures
  An adder (D:2)
  2 worms (D:2)
  4 dart slugs
  2 orcs
  3 ball pythons (D:2)
  6 endoplasms
  2 giant cockroaches (D:3)
  4 goblins
  5 hobgoblins
  6 kobolds
  4 quokkas
  4 bats
  A frilled lizard (D:1)
  A kobold zombie (D:4)
  An orc zombie (D:4)
  3 rats (D:3)
49 creatures vanquished.

Notes
Turn   | Place    | Note
-------+----------+-------------------------------------------
     0 | D:1      | safid the Merfolk Ice Elementalist began the quest for the
                  | Orb.
     0 | D:1      | Reached XP level 1. HP: 13/13 MP: 3/3
    30 | D:1      | You fall into a shaft and drop 1 floor!
   134 | D:1      | Reached XP level 2. HP: 20/20 MP: 3/5
   220 | D:1      | Reached skill level 1 in Fighting
   838 | D:2      | Reached XP level 3. HP: 14/26 MP: 2/6
  1787 | D:3      | Learned a level 3 spell: Frozen Ramparts
  1791 | D:3      | Learned a level 3 spell: Ozocubu's Armour
  1953 | D:3      | Reached skill level 5 in Ice Magic
  1993 | D:3      | Noticed a black bear
  2042 | D:3      | Reached XP level 4. HP: 33/33 MP: 5/8
  2162 | D:3      | Found a faded altar of an unknown god.
  2552 | D:3      | Found a stormy altar of Qazlal.
  2580 | D:3      | Found a blossoming altar of Fedhas.
  2797 | D:4      | Noticed a phantom
  2850 | D:4      | Slain by a phantom

Illustrated notes

Levels and vault maps discovered:
D:1:      eino_arrival_cavern_b, layout_rooms, chequers_serial_rivers_large_b
D:2:      layout_basic
D:3:      layout_basic, grunt_temple_overflow_forces_of_nature,
          hellmonk_ecumenical_altar_heavens_door, st_stairs_8
D:4:      layout_basic, nicolae_uskayaw_en_pointe,
          minmay_temple_entry_mini_moons, nicolae_ossuary_entry_giza,
          serial_co_window_serial, co_window_paths_b, co_window_paths_a,
          co_window_of_opportunity_a, co_window_corner_a, co_window_paths_a,
          co_window_corner_ca, co_window_of_opportunity_b, co_window_corner_b,
          co_window_4corner_b, glass_columns_c, glass_columns_b,
          minmay_fountain_box, solitary_fountain, uniq_ijyb, uniq_eustachio

Skill      XL: |  1  2  3 |
---------------+----------+-----
Fighting       | 1 2 |  2.2
Ice Magic      | 5 |  5.1
Dodging        | |  2.6
Stealth        | |  2.1
Spellcasting   | |  2.8

Action                     |  1- 3 |  4- 6 || total
---------------------------+-------+-------++-------
  Melee: Spear             |    76 |    15 ||    91
         Punch             |     1 |     1 ||     2
         Dagger            |       |    53 ||    53
   Cast: Freeze            |    30 |    11 ||    41
         Ozocubu's Armour  |       |     4 ||     4
    Use: Potion            |       |     3 ||     3
   Stab: Sleeping          |    11 |     3 ||    14
 Armour: Robe              |    14 |    19 ||    33
  Dodge: Dodged            |    35 |    32 ||    67
